Workbook

Sheet PTAP SAN ISIDRO_PTAP MOLINOS
B1: OBJETO: SP_06 CONSTRUCCIÓN DE SISTEMAS DE POTABILIZACIÓN PARA LA ASOCIACIÓN AGROPECUARIA DE USUARIOS DEL ACUEDUCTO HACIENDA SAN ISIDRO NO NACIONAL Y PARA EL ACUEDUCTO LOS MOLINOS EN LA VEREDA EL SALITRE DEL MUNICIPIO DE LA CALERA CUNDINAMARCA.
B4: ITEM | C4: NOMBRE | D4: UNID | E4: CANT | F4: P. UNITARIO($) | G4: VR. PARCIAL
B5: No.
B6: 1 | C6: OBRA el hato
B7: 1.01 | C7: TRAMPA DE SOLIDOS GRUESOS Fabricada en acero o plástico tipo abs, para retener solidos gruesos en una canastilla | D7: UND | E7: 2 | G7: =IF(F7<>"",E7*F7,"")
B8: 1.02 | C8: Bandeja de Aireación - Remoción de Hierro y manganeso. | D8: UND | E8: 2 | G8: =IF(F8<>"",E8*F8,"")
B9: 1.03 | C9: UNIDAD GENERAL O FILTROS A PRESION 14" Construidos en PRFV (Poliester reforzado de ﬁbra de vidrio) o Acero al Carbon, para operación vertical DESCENDENTES. Llevarán su falso fondo compuesto por tubo matriz, provisto de boquillas balanceadas hidráulicamente para producir en el retrolavado un efecto de frote de partículas, colectores y difusores construidos en material inerte a la corrosión, lechos ﬁltrantes (arenas silíceas especialmente gradadas) conducto interno para su retrolavado, ﬂauta rociadora de entrada, Válvula de operación e inversión de ﬂujo tipo waﬄe o globo. Los reactores tendrán los procesos de: FILTRACION EN LECHOS DUALES Arenas sílices y Carbón Activado | D9: UND | E9: 2 | G9: =IF(F9<>"",E9*F9,"")
B10: 1.04 | C10: UNIDAD GENERAL O FILTROS A PRESION 10" Construidos en PRFV (Poliester reforzado de ﬁbra de vidrio) o Acero al Carbon, para operación vertical DESCENDENTES. Llevarán su falso fondo compuesto por tubo matriz, provisto de boquillas balanceadas hidráulicamente para producir en el retrolavado un efecto de frote de partículas, colectores y difusores construidos en material inerte a la corrosión, lechos ﬁltrantes (arenas silíceas especialmente gradadas) conducto interno para su retrolavado, ﬂauta rociadora de entrada, Válvula de operación e inversión de ﬂujo tipo waﬄe o globo. Los reactores tendrán los procesos de: FILTRACION EN LECHOS DUALES Arenas sílices y Carbón Activado | D10: UND | E10: 2 | G10: =IF(F10<>"",E10*F10,"")
B11: 1.05 | C11: Rack: Estructura soporte y de conexión que integra los componentes principales del tratamiento: bombas, válvulas, filtros y tuberías, permitiendo el flujo controlado del agua dentro de la planta compacta. | D11: UND | E11: 2 | G11: =IF(F11<>"",E11*F11,"")
B12: 1.06 | C12: DOSIFICADORES (Dosificadoras de pistón hidráulico, Dosificadoras de membrana hidráulica o dosificadoras proporcionales hidráulicas (tipo Venturi o de desplazamiento positivo).) | D12: UND | E12: 4 | G12: =IF(F12<>"",E12*F12,"")
B13: 1.07 | C13: CUBIERTA Con fabricación en angulo estructural anclada al piso, inlcuira soportes para dosiﬁcadores y demas equipos. | D13: UND | E13: 2 | G13: =IF(F13<>"",E13*F13,"")
B14: 1.08 | C14: CONTROLES Comprenden el suministro de las válvulas de tipo waﬄe con giro de 90º de apertura rápida, con sus conexiones y accesorios, para control de entrada de agua cruda, salida de agua tratada, desfogue de lodos. Manómetro indicador de pérdida de presión | D14: UND | E14: 2 | G14: =IF(F14<>"",E14*F14,"")
B15: 1.09 | C15: ACABADOS Limpieza general de superﬁcies, con rasqueta, desoxidantes y desengrasantes químicos, pintura general de superﬁcies esmalte de presentación para las externas. | D15: UND | E15: 2 | G15: =IF(F15<>"",E15*F15,"")
B16: 1.1 | C16: ENSAMBLE GENERAL Comprende colocación de eyectores, dosiﬁcadores, lechos ﬁltrantes, ductos de control, válvulas y accesorios, operación de prueba e instrucción a los operarios que se asignen. Incluye también productos químicos para prueba y arranque de la Planta. | D16: UND | E16: 2 | G16: =IF(F16<>"",E16*F16,"")
B17: 1.11 | C17: TRANSPORTE Transporte requerido para colocación en el sitio de instalación definido para el objeto del contrato en un camión de hasta 10 toneladas de los siguientes elementos: eyectores, dosiﬁcadores, lechos ﬁltrantes, ductos de control, válvulas y accesorios, operación de prueba e instrucción a los operarios que se asignen, así como los productos químicos para prueba y arranque de la Planta. Asegurar embalaje, cargue, descargue y manipulación adecuada para evitar daños durante el traslado.Asumir los costos y la gestión del transporte del sistema desde el lugar de fabricación o almacenamiento hasta el sitio de instalación en la vereda El Hato y El Salitre. | D17: UND | E17: 1 | G17: =IF(F17<>"",E17*F17,"")
B18: 1.12 | C18: MANO DE OBRA PARA INSTALACION Actividades de la instalación junto con los accesorios necesarios para conectar la planta tanto a la entrada y salida a 0 metros. | D18: UND | E18: 1 | G18: =IF(F18<>"",E18*F18,"")
B19: 1.13 | C19: PUESTA EN MARCHA Puesta en operación, estabilización, pruebas de funcionamiento y calibración para garantizar la operatividad del sistema conforme a los parámetros de diseño. | D19: UND | E19: 1 | G19: =IF(F19<>"",E19*F19,"")
G20: =SUM(G7:G19) -> 0
B21: 1 | C21: OBRA SALITRE
B22: 1,01 | C22: TRAMPA DE SOLIDOS GRUESOS Fabricada en acero o plástico tipo abs, para retener solidos gruesos en una canastilla | D22: UND | E22: 1 | G22: =IF(F22<>"",E22*F22,"")
B23: 1.02 | C23: UNIDAD GENERAL O FILTROS A PRESION 14" Construidos en PRFV (Poliester reforzado de ﬁbra de vidrio) o Acero al Carbon, para operación vertical DESCENDENTES. Llevarán su falso fondo compuesto por tubo matriz, provisto de boquillas balanceadas hidráulicamente para producir en el retrolavado un efecto de frote de partículas, colectores y difusores construidos en material inerte a la corrosión, lechos ﬁltrantes (arenas silíceas especialmente gradadas) conducto interno para su retrolavado, ﬂauta rociadora de entrada, Válvula de operación e inversión de ﬂujo tipo waﬄe o globo. Los reactores tendrán los procesos de: FILTRACION EN LECHOS DUALES Arenas sílices y Carbón Activado | D23: UND | E23: 2 | G23: =IF(F23<>"",E23*F23,"")
B24: 1.03 | C24: Rack: Estructura soporte y de conexión que integra los componentes principales del tratamiento: bombas, válvulas, filtros y tuberías, permitiendo el flujo controlado del agua dentro de la planta compacta. | D24: UND | E24: 1 | G24: =IF(F24<>"",E24*F24,"")
B25: 1.04 | C25: DOSIFICADORES (Dosificadoras de pistón hidráulico, Dosificadoras de membrana hidráulica o dosificadoras proporcionales hidráulicas (tipo Venturi o de desplazamiento positivo).) | D25: UND | E25: 4 | G25: =IF(F25<>"",E25*F25,"")
B26: 1.05 | C26: CUBIERTA Con fabricación en angulo estructural anclada al piso, inlcuira soportes para dosiﬁcadores y demas equipos. | D26: UND | E26: 1 | G26: =IF(F26<>"",E26*F26,"")
B27: 1.06 | C27: CONTROLES Comprenden el suministro de las válvulas de tipo waﬄe con giro de 90º de apertura rápida, con sus conexiones y accesorios, para control de entrada de agua cruda, salida de agua tratada, desfogue de lodos. Manómetro indicador de pérdida de presión | D27: UND | E27: 1 | G27: =IF(F27<>"",E27*F27,"")
B28: 1.07 | C28: ACABADOS Limpieza general de superﬁcies, con rasqueta, desoxidantes y desengrasantes químicos, pintura general de superﬁcies esmalte de presentación para las externas. | D28: UND | E28: 1 | G28: =IF(F28<>"",E28*F28,"")
B29: 1.08 | C29: ENSAMBLE GENERAL Comprende colocación de eyectores, dosiﬁcadores, lechos ﬁltrantes, ductos de control, válvulas y accesorios, operación de prueba e instrucción a los operarios que se asignen. Incluye también productos químicos para prueba y arranque de la Planta. | D29: UND | E29: 1 | G29: =IF(F29<>"",E29*F29,"")
B30: 1.09 | C30: TRANSPORTE Transporte requerido para colocación en el sitio de instalación definido para el objeto del contrato en un camión de hasta 10 toneladas de los siguientes elementos: eyectores, dosiﬁcadores, lechos ﬁltrantes, ductos de control, válvulas y accesorios, operación de prueba e instrucción a los operarios que se asignen, así como los productos químicos para prueba y arranque de la Planta. Asegurar embalaje, cargue, descargue y manipulación adecuada para evitar daños durante el traslado.Asumir los costos y la gestión del transporte del sistema desde el lugar de fabricación o almacenamiento hasta el sitio de instalación en la vereda El Hato y El Salitre. | D30: UND | E30: 1 | G30: =IF(F30<>"",E30*F30,"")
B31: 1.1 | C31: MANO DE OBRA PARA INSTALACION Actividades de la instalación junto con los accesorios necesarios para conectar la planta tanto a la entrada y salida a 0 metros. | D31: UND | E31: 1 | G31: =IF(F31<>"",E31*F31,"")
B32: 1.11 | C32: PUESTA EN MARCHA Puesta en operación, estabilización, pruebas de funcionamiento y calibración para garantizar la operatividad del sistema conforme a los parámetros de diseño. | D32: UND | E32: 1 | G32: =IF(F32<>"",E32*F32,"")
F33: SUBTOTAL | G33: =SUM(G22:G32) -> 0 | H33: %
D34: COSTOS DIRECTOS | G34: =SUM(G7:G33)/2 -> 0
D35: ADMINIISTRACIIÓN | G35: =ROUND($G$34*H35,0) -> 0
D36: IIMPREVISTOS | G36: =ROUND($G$34*H36,0) -> 0
D37: UTIILIIDAD | G37: =ROUND($G$34*H37,0) -> 0
D38: TOTAL COSTOS INDIIRECTOS | G38: =SUM(G35:G37) -> 0
D39: VR. TOTAL | G39: =SUM(G34,G38) -> 0

Sheet AIU
A1: Personal Administratiivo
A2: Cant | B2: Descripción | C2: Salario | D2: Prestaciones | E2: Dedicación | F2: Meses | G2: Vr. Total
A3: 1 | B3: Coordinador | C3: 5000000 | D3: 1.66 | E3: 0.2 | F3: 2 | G3: =PRODUCT(C3:F3) -> 3320000 | I3: =10/60 -> 0.16666667
A4: 1 | B4: SST | C4: 4000000 | D4: =+D3 -> 1.66 | E4: =+E3 -> 0.2 | F4: =+F3 -> 2 | G4: =PRODUCT(C4:F4) -> 2656000
D5: Total Personal | G5: =+SUM(G3:G4) -> 5976000
A6: Gastos Administrativos
A7: Cant | B7: Descripción | C7: Valor | E7: Dedicación | F7: Meses | G7: Vr. Total
A8: 1 | B8: GASTOS OFICINA (PAPELERIA, FOTOCOPIAS Y OTROS) | C8: 106634.56 | E8: 1 | F8: =+F3 -> 2 | G8: =PRODUCT(C8:F8) -> 213269.13
A9: 2 | B9: Capacitar al personal designado por la comunidad o la entidad contratante en la operación, mantenimiento preventivo y correctivo básico del sistema CAPACITACION y MANUAL DE OPERACIÓN La PTAP en operación, se dictará una capacitación en el correcto funcionamiento de la Planta de Tratamiento de Agua Potable para las personas que ha bien tenga designar la Asociación, además, se entregaran dos copias de manual de funcionamiento. | C9: 2000000 | E9: =+E4 -> 0.2 | F9: =+F3 -> 2 | G9: =PRODUCT(C9:F9) -> 800000
D10: Total Gastors Administrativos | G10: =SUM(G8:G9) -> 1013269.1
A11: Impuestos y Estampillas
A12: Cant | B12: Descripción | C12: Base | D12: Impuesto | G12: Vr. Total
A13: 1 | B13: Impuesto de Industria y Comercio | C13: =+I32 -> 0 | D13: =10/1000 -> 0.01
A14: 1 | B14: Contribución Especial (Impuesto de Guerra) | C14: 169037038 | D14: 0.05 | G14: =ROUND(D14*C14,0) -> 8451852
A15: 1 | B15: ESTAMPILLA PROCULTURA | C15: =+C14 -> 169037038 | D15: 0.02 | G15: =ROUND(D15*C15,0) -> 3380741
A16: 1 | B16: TASA PRODEPORTE Y RECREACION | C16: =+C15 -> 169037038 | D16: 0.025 | G16: =ROUND(D16*C16,0) -> 4225926
A17: 1 | B17: ESTAMPILLA ADULTO MAYOR | C17: =+C16 -> 169037038 | D17: 0.04 | G17: =ROUND(D17*C17,0) -> 6761482
A18: 1 | B18: ESTAMPILLA DE LA JUSTICIA FAMILIAR | C18: =+C17 -> 169037038 | D18: 0.02 | G18: =ROUND(D18*C18,0) -> 3380741
A19: 1 | B19: RETEFUENTE | C19: =+C18 -> 169037038 | D19: 0.02
D20: Total Impuestos y Estampillas | G20: =SUM(G13:G19) -> 26200742
A21: Pólizas
A22: Cant | B22: Descripción | C22: Base | D22: Porcentaje | E22: Taza
A23: 1 | B23: Buen manejo y correcta inversión del anticipo | C23: =+C24*0.5 -> 84518519 | D23: 1 | E23: 0.003247751 | G23: =+D23*C23*E23 -> 274495.1
A24: 1 | B24: Cumplimiento | C24: =+C14 -> 169037038 | D24: 0.2 | E24: =+E23 -> 0.003247751 | G24: =+D24*C24*E24 -> 109798.04
A25: 1 | B25: Salarios y Prestaciones Sociales | C25: =+C24 -> 169037038 | D25: 0.05 | E25: =+E24 -> 0.003247751 | G25: =+D25*C25*E25 -> 27449.51
A26: 1 | B26: Estabilidad de la Obra | C26: =+C25 -> 169037038 | D26: 0.2 | E26: =+E25 -> 0.003247751 | G26: =+D26*C26*E26 -> 109798.04
A27: 1 | B27: Calidad y correcto funcionamiento de bienes y equipos | C27: =+SUM('PTAP SAN ISIDRO_PTAP MOLINOS'!G7:G12,'PTAP SAN ISIDRO_PTAP MOLINOS'!G14,'PTAP SAN ISIDRO_PTAP MOLINOS'!G22:G25,'PTAP SAN ISIDRO_PTAP MOLINOS'!G27) -> 0 | D27: 0.2 | E27: =+E26 -> 0.003247751 | G27: =+D27*C27*E27 -> 0
A28: 1 | B28: Provisión de repuestos y accesorios | C28: =+C27 -> 0 | D28: 0.1 | E28: =+E27 -> 0.003247751 | G28: =+D28*C28*E28 -> 0
A29: 1 | B29: RESPONSABILIDAD CIVIL EXTRACONTRACTUAL | C29: =200*1750905 -> 350181000 | D29: 1 | E29: =+E26 -> 0.003247751 | G29: =+D29*C29*E29+I26 -> 1137300.7
D30: Total Impuestos y Estampillas | G30: =SUM(G23:G29) -> 1658841.4
C32: TOTAL ADMINISTRACIÓN | F32: =ROUND(G32/'PTAP SAN ISIDRO_PTAP MOLINOS'!G34,8) -> #DIV/0! | G32: =SUM(G30,G20,G10,G5) -> 34848853
C33: TOTAL IMPREVISTOS | F33: 0.01 | G33: =ROUND(F33*'PTAP SAN ISIDRO_PTAP MOLINOS'!G34,0) -> 0 | I33: =+'PTAP SAN ISIDRO_PTAP MOLINOS'!G39 -> 0
C34: TOTAL UTILIDAD | F34: 0.05 | G34: =ROUND(F34*'PTAP SAN ISIDRO_PTAP MOLINOS'!G34,0) -> 0 | I34: 169037038 | J34: =+I34-I33 -> 169037038
C35: TOTAL AIU | F35: =SUM(F32:F34) -> #DIV/0! | G35: =SUM(G32:G34) -> 34848853
